 Dungeon Crawl Stone Soup version 0.29.0-4-gdea44cf6ec (webtiles) character file.

Game seed: 13140987362468852632

7168 qw the Cleaver (level 11, -5/95 HPs)
             Began as a Ghoul Summoner on Sept 10, 2022.
             Was an Elder of Okawaru.
             Slain by a boulder beetle (17 damage)
             ... on level 8 of the Dungeon.
             The game lasted 00:04:00 (12397 turns).

qw the Cleaver (Ghoul Summoner)                    Turns: 12397, Time: 00:04:00

Health: -5/95      AC: 22    Str: 17    XL:     11   Next: 11%
Magic:  11/14      EV:  7    Int: 10    God:    Okawaru [****..]
Gold:   75         SH:  5    Dex:  9    Spells: 12/13 levels left

rFire   . . .      SeeInvis .   n - +3 broad axe (flame)
rCold   + . .      Faith    .   (no shield)
rNeg    + + +      Spirit   .   e - +0 plate armour
rPois   inf        Reflect  +   (no helmet)
rElec   .          Harm     .   a - +0 cloak
rCorr   .          Rampage  .   h - +1 pair of gloves
Will    +....                   (no boots)
Stlth   ..........              g - amulet of reflection
HPRegen 0.00/turn               b - +4 ring of protection
MPRegen 0.14/turn               i - ring of willpower

@: about to teleport, heroic, inhibited regen
A: claws 1, cold resistance 1, negative energy resistance 3, inhibited
regeneration, torment resistance 2, devour on kill
a: Renounce Religion, Heroism, Finesse


You were on level 8 of the Dungeon.
You worshipped Okawaru.
Okawaru was greatly pleased with you.
You visited 2 branches of the dungeon, and saw 9 of its levels.
You also visited: Sewer.

You collected 564 gold pieces.
You spent 489 gold pieces at shops.


Innate Abilities, Weirdness & Mutations

You are immune to poison.
You have sharp fingernails.
Your flesh is cold resistant. (rC+)
You are immune to negative energy. (rN+++)
You do not regenerate when monsters are visible.
You are immune to unholy pain and torment.
You thrive by killing the living.


   Skills:
 + Level 8.8(13.8) Fighting
 - Level 11.0(16.0) Axes
 - Level 3.0(8.0) Throwing
 - Level 5.0(10.0) Armour
 - Level 1.7(6.7) Dodging
 - Level 2.1(7.1) Stealth
 - Level 1.7 Spellcasting
 - Level 3.6 Summonings
 + Level 5.5 Invocations


You had 12 spell levels left.
You knew the following spells:

 Your Spells              Type           Power      Damage    Failure   Level
a - Summon Small Mammal   Summ           32%        N/A       88%         1

Your spell library contained the following spells:

 Spells                   Type           Power      Damage    Failure   Level
 Call Imp                 Summ           Unusable   N/A       N/A         2
 Call Canine Familiar     Summ           Unusable   N/A       N/A         3
 Summon Guardian Golem    Hex/Summ       Unusable   N/A       N/A         3
 Summon Lightning Spire   Summ/Air       Unusable   N/A       N/A         4

Inventory:

Hand Weapons
 n - a +3 broad axe of flaming (weapon)
Missiles
 k - 16 boomerangs
 m - 2 javelins (quivered)
Armour
 a - a +0 cloak (worn)
 e - a +0 plate armour (worn)
 f - a +2 chain mail of cold resistance
 h - a +1 pair of gloves (worn)
Jewellery
 b - a +4 ring of protection (left hand)
 g - an amulet of reflection (around neck)
 i - a ring of willpower (right hand)
Scrolls
 q - 7 scrolls of identify
Potions
 c - a potion of might
 s - a potion of haste
 t - a potion of cancellation

Dungeon Overview and Level Annotations

Branches:
Dungeon (8/15)             Temple (1/1) D:4            Lair (0/5) D:8
  Sewer (visited)

Altars:
Ashenzari
Dithmenos
Fedhas
Gozag
Hepliaklqana
Kikubaaqudgha
Nemelex Xobeh
Okawaru
Qazlal
Ru
Sif Muna
Trog
Uskayaw
Vehumet
Xom
Yredelemnul

Shops:
D:7 *


Message History

The vampire mosquito bites you!
You slash the vampire mosquito! You burn the vampire mosquito.
You destroy the vampire mosquito!
Okawaru accepts your kill.
You feel like a meek peon again.
12389 ||| INVOKING Heroism.
You gain the combat prowess of a mighty hero.
The tengu conjurer hits you with the +6 mace "Concordance" {freeze, rElec Int+6}.
The tengu conjurer freezes you.
The tengu conjurer pecks you but does no damage.
The tengu conjurer closely misses you.
You slice the tengu conjurer!! You burn the tengu conjurer!
The tengu conjurer is almost dead.
The tengu conjurer hits you but does no damage.
The tengu conjurer pecks you but does no damage.
The tengu conjurer claws you but does no damage.
You hit the tengu conjurer. You burn the tengu conjurer.
You kill the tengu conjurer!
Okawaru accepts your kill.
The battlesphere dissipates.
You slash the boulder beetle! You burn the boulder beetle.
The boulder beetle is moderately wounded.
You hit the boulder beetle but do no damage.
The boulder beetle is moderately wounded.
The boulder beetle closely misses you.
You hit the boulder beetle. You burn the boulder beetle.
The boulder beetle is moderately wounded.
The boulder beetle bites you but does no damage.
You slash the boulder beetle! You burn the boulder beetle.
The boulder beetle is heavily wounded.
The boulder beetle bites you!
12396 ||| READING scroll of teleportation.
As you read the scroll of teleportation, it crumbles to dust.
You feel strangely unstable. You block the boulder beetle's attack.
You hit the boulder beetle but do no damage.
You punch the boulder beetle, but do no damage.
The boulder beetle is heavily wounded.
The boulder beetle bites you!
You die...

.#..#..##.
##.#.######.##.....
.##.#.##.# #..........#......
..#...##. ##.#########.#####
#.##.##.##.######..# #:#
#..#.##........%##.########.#
##.#.#.#######.#.#.#........#
#.##.........##.#..........#
#..#..#.#.#..##(##.######.##
###.##..#.#..###@##..# #.#
###..#...#...# #B###.#####.##
.###.##.#.#.## #C# #........#
.###..#..#..# [=} ##.#..#..#
....#.##...## [#: #....#..#
###.#..#...# #[ .# ##...#..#
#....##.# .# #. #.#.####.#
##....#.# . . #........#
##.#.##############.########


You could see a boulder beetle and a cyclops.

Vanquished Creatures
  A centaur warrior (D:8)
  2 two-headed ogres
  Maggie (D:7)
  A komodo dragon (D:8)
  A tengu conjurer (D:8)
  A troll (D:8)
  2 wyverns (D:8)
  A steam dragon (D:6)
  Eustachio (D:6)
  A basilisk (D:8)
  A vampire mosquito (D:8)
  2 orc warriors (D:8)
  6 ice beasts
  2 black bears (D:6)
  2 wolves (D:8)
  3 ogres
  9 kobold brigands
  A phantom (D:5)
  2 bullfrogs
  A necrophage (D:4)
  3 scorpions
  3 wights (D:8)
  2 electric eels (D:8)
  4 orc priests
  7 hounds
  3 jellies
  An iguana (D:5)
  7 orc wizards
  Natasha (thrice) (D:2)
  9 adders
  A shadow imp (D:8)
  3 white imps
  7 worms
  A dart slug (D:2)
  28 orcs
  4 bats
  8 endoplasms
  3 giant cockroaches
  9 goblins
  5 hobgoblins
  8 jackals
  14 kobolds
  14 ball pythons
  6 frilled lizards
  5 rats
199 creatures vanquished.

Vanquished Creatures (collateral kills)
  6 endoplasms
  A giant cockroach (D:2)
  A jackal (D:1)
  A goblin (D:1)
  A kobold (D:2)
  4 rats
14 creatures vanquished.

Grand Total: 213 creatures vanquished

Notes
Turn   | Place    | Note
-------+----------+-------------------------------------------
     0 | D:1      | qw the Ghoul Summoner began the quest for the Orb.
     0 | D:1      | Reached XP level 1. HP: 14/14 MP: 2/2
     0 | D:1      | 0 ||| qw: Version: 0.1-a-116-g5d60599
     0 | D:1      | 0 ||| qw: Game counter: 7639
     0 | D:1      | 0 ||| qw: Always use a shield: true
     0 | D:1      | 0 ||| qw: God list: Okawaru
     0 | D:1      | 0 ||| qw: Allow faded altars: false
     0 | D:1      | 0 ||| qw: Do Orc after D:15 true
     0 | D:1      | 0 ||| qw: Do second Lair branch before Depths: true
     0 | D:1      | 0 ||| qw: Lair rune preference: random
     0 | D:1      | 0 ||| qw: Plans: Normal
     0 | D:1      | 0 ||| PLANNING D:1-11
    34 | D:1      | 34 ||| CASTING Summon Small Mammal
    35 | D:1      | 35 ||| Stepping ~*~*~tactically~*~*~ (stealth).
    36 | D:1      | 36 ||| CASTING Summon Small Mammal
    45 | D:1      | 45 ||| Stepping ~*~*~tactically~*~*~ (stealth).
    47 | D:1      | 47 ||| CASTING Summon Small Mammal
   174 | D:1      | 174 ||| Wielding weapon +0 dagger.
   175 | D:1      | 175 ||| SWAPPING to +0 club.
   176 | D:1      | 176 ||| DROPPING +0 dagger.
   183 | D:1      | 183 ||| CASTING Summon Small Mammal
   184 | D:1      | 184 ||| CASTING Summon Small Mammal
   190 | D:1      | Reached skill level 1 in Axes
   209 | D:1      | 209 ||| SWAPPING to +3 dagger.
   210 | D:1      | 210 ||| DROPPING +0 club.
   256 | D:1      | 256 ||| CASTING Summon Small Mammal
   257 | D:1      | 257 ||| CASTING Summon Small Mammal
   296 | D:1      | 296 ||| CASTING Summon Small Mammal
   297 | D:1      | 297 ||| CASTING Summon Small Mammal
   351 | D:1      | 351 ||| CASTING Summon Small Mammal
   352 | D:1      | 352 ||| CASTING Summon Small Mammal
   358 | D:1      | Reached skill level 1 in Fighting
   358 | D:1      | Reached XP level 2. HP: 19/23 MP: 0/3
   414 | D:1      | 414 ||| CASTING Summon Small Mammal
   415 | D:1      | 415 ||| CASTING Summon Small Mammal
   416 | D:1      | 416 ||| CASTING Summon Small Mammal
   426 | D:1      | 426 ||| CASTING Summon Small Mammal
   487 | D:1      | 487 ||| CASTING Summon Small Mammal
   488 | D:1      | 488 ||| CASTING Summon Small Mammal
   489 | D:1      | 489 ||| CASTING Summon Small Mammal
   536 | D:1      | 536 ||| CASTING Summon Small Mammal
   537 | D:1      | 537 ||| CASTING Summon Small Mammal
   538 | D:1      | 538 ||| CASTING Summon Small Mammal
   657 | D:1      | 657 ||| CASTING Summon Small Mammal
   658 | D:1      | 658 ||| CASTING Summon Small Mammal
   659 | D:1      | 659 ||| CASTING Summon Small Mammal
   795 | D:1      | 795 ||| CASTING Summon Small Mammal
   796 | D:1      | 796 ||| CASTING Summon Small Mammal
   797 | D:1      | 797 ||| CASTING Summon Small Mammal
   875 | D:1      | 875 ||| CASTING Summon Small Mammal
   876 | D:1      | 876 ||| CASTING Summon Small Mammal
   878 | D:1      | 878 ||| CASTING Summon Small Mammal
   887 | D:1      | 887 ||| CASTING Summon Small Mammal
   967 | D:1      | 967 ||| CASTING Summon Small Mammal
   968 | D:1      | 968 ||| CASTING Summon Small Mammal
   969 | D:1      | 969 ||| CASTING Summon Small Mammal
  1127 | D:1      | 1127 ||| CASTING Summon Small Mammal
  1128 | D:1      | 1128 ||| CASTING Summon Small Mammal
  1129 | D:1      | 1129 ||| CASTING Summon Small Mammal
  1244 | D:1      | 1244 ||| CASTING Summon Small Mammal
  1245 | D:1      | 1245 ||| CASTING Summon Small Mammal
  1246 | D:1      | 1246 ||| CASTING Summon Small Mammal
  1256 | D:1      | 1256 ||| CASTING Summon Small Mammal
  1262 | D:1      | HP: 5/23 [kobold/+0 club (3)]
  1656 | D:1      | 1656 ||| CASTING Summon Small Mammal
  1657 | D:1      | 1657 ||| CASTING Summon Small Mammal
  1658 | D:1      | 1658 ||| CASTING Summon Small Mammal
  1694 | D:1      | 1694 ||| UPGRADING to +1 pair of gloves.
  1699 | D:1      | 1699 ||| READING scroll labelled ETEGOKK WYATAG.
  1700 | D:1      | 1700 ||| READING scroll labelled MADGHA XOBECAO.
  1701 | D:1      | 1701 ||| READING scroll labelled LOSOSU AXISUI.
  1704 | D:1      | 1704 ||| DROPPING potion of magic.
  1732 | D:2      | 1732 ||| CASTING Summon Small Mammal
  1733 | D:2      | 1733 ||| STAIRDANCE
  1746 | D:2      | 1746 ||| CASTING Summon Small Mammal
  1747 | D:2      | 1747 ||| STAIRDANCE
  1760 | D:2      | 1760 ||| Stepping ~*~*~tactically~*~*~ (outnumbered).
  1761 | D:2      | 1761 ||| CASTING Summon Small Mammal
  1762 | D:2      | 1762 ||| CASTING Summon Small Mammal
  1763 | D:2      | 1763 ||| CASTING Summon Small Mammal
  1825 | D:2      | 1825 ||| CASTING Summon Small Mammal
  1826 | D:2      | 1826 ||| CASTING Summon Small Mammal
  1827 | D:2      | 1827 ||| CASTING Summon Small Mammal
  1837 | D:2      | 1837 ||| CASTING Summon Small Mammal
  1848 | D:2      | Reached skill level 2 in Axes
  1848 | D:2      | Reached XP level 3. HP: 11/28 MP: 0/4
  2060 | D:2      | 2060 ||| CASTING Summon Small Mammal
  2061 | D:2      | 2061 ||| Stepping ~*~*~tactically~*~*~ (stealth).
  2062 | D:2      | 2062 ||| CASTING Summon Small Mammal
  2063 | D:2      | 2063 ||| CASTING Summon Small Mammal
  2064 | D:2      | 2064 ||| CASTING Summon Small Mammal
  2107 | D:2      | 2107 ||| CASTING Summon Small Mammal
  2108 | D:2      | 2108 ||| CASTING Summon Small Mammal
  2109 | D:2      | 2109 ||| CASTING Summon Small Mammal
  2110 | D:2      | 2110 ||| CASTING Summon Small Mammal
  2118 | D:2      | 2118 ||| CASTING Summon Small Mammal
  2168 | D:2      | 2168 ||| CASTING Summon Small Mammal
  2169 | D:2      | 2169 ||| CASTING Summon Small Mammal
  2170 | D:2      | 2170 ||| CASTING Summon Small Mammal
  2171 | D:2      | 2171 ||| CASTING Summon Small Mammal
  2246 | D:2      | 2246 ||| Stepping ~*~*~tactically~*~*~ (stealth).
  2248 | D:2      | 2248 ||| Stepping ~*~*~tactically~*~*~ (stealth).
  2249 | D:2      | 2249 ||| CASTING Summon Small Mammal
  2250 | D:2      | 2250 ||| CASTING Summon Small Mammal
  2251 | D:2      | 2251 ||| CASTING Summon Small Mammal
  2252 | D:2      | 2252 ||| CASTING Summon Small Mammal
  2296 | D:2      | 2296 ||| CASTING Summon Small Mammal
  2297 | D:2      | 2297 ||| CASTING Summon Small Mammal
  2298 | D:2      | 2298 ||| CASTING Summon Small Mammal
  2299 | D:2      | 2299 ||| CASTING Summon Small Mammal
  2381 | D:2      | Noticed Natasha
  2382 | D:2      | 2382 ||| Stepping ~*~*~tactically~*~*~ (hiding).
  2484 | D:2      | 2484 ||| Stepping ~*~*~tactically~*~*~ (hiding).
  2586 | D:2      | 2586 ||| Stepping ~*~*~tactically~*~*~ (hiding).
  2688 | D:2      | 2688 ||| Stepping ~*~*~tactically~*~*~ (hiding).
  2790 | D:2      | 2790 ||| Stepping ~*~*~tactically~*~*~ (hiding).
  2892 | D:2      | 2892 ||| Stepping ~*~*~tactically~*~*~ (hiding).
  2994 | D:2      | 2994 ||| Stepping ~*~*~tactically~*~*~ (hiding).
  3096 | D:2      | 3096 ||| Stepping ~*~*~tactically~*~*~ (hiding).
  3198 | D:2      | 3198 ||| Stepping ~*~*~tactically~*~*~ (hiding).
  3300 | D:2      | 3300 ||| Stepping ~*~*~tactically~*~*~ (hiding).
  3403 | D:2      | 3403 ||| CASTING Summon Small Mammal
  3404 | D:2      | 3404 ||| CASTING Summon Small Mammal
  3405 | D:2      | 3405 ||| CASTING Summon Small Mammal
  3406 | D:2      | 3406 ||| CASTING Summon Small Mammal
  3411 | D:2      | Killed Natasha
  3412 | D:2      | Reached XP level 4. HP: 36/37 MP: 0/5
  3413 | D:2      | 3413 ||| CASTING Summon Small Mammal
  3437 | D:2      | 3437 ||| Stepping ~*~*~tactically~*~*~ (stealth).
  3485 | D:2      | 3485 ||| CASTING Summon Small Mammal
  3486 | D:2      | 3486 ||| CASTING Summon Small Mammal
  3487 | D:2      | 3487 ||| CASTING Summon Small Mammal
  3488 | D:2      | 3488 ||| CASTING Summon Small Mammal
  3489 | D:2      | 3489 ||| CASTING Summon Small Mammal
  3520 | D:2      | 3520 ||| CASTING Summon Small Mammal
  3522 | D:2      | 3522 ||| CASTING Summon Small Mammal
  3523 | D:2      | 3523 ||| CASTING Summon Small Mammal
  3643 | D:2      | 3643 ||| CASTING Summon Small Mammal
  3644 | D:2      | 3644 ||| Stepping ~*~*~tactically~*~*~ (stealth).
  3646 | D:2      | 3646 ||| CASTING Summon Small Mammal
  3647 | D:2      | 3647 ||| CASTING Summon Small Mammal
  3648 | D:2      | 3648 ||| CASTING Summon Small Mammal
  3648 | D:2      | Noticed Natasha
  3649 | D:2      | 3649 ||| CASTING Summon Small Mammal
  3654 | D:2      | 3654 ||| CASTING Summon Small Mammal
  3665 | D:2      | 3665 ||| CASTING Summon Small Mammal
  3671 | D:2      | Killed Natasha
  3706 | D:2      | Noticed Natasha
  3707 | D:2      | 3707 ||| Stepping ~*~*~tactically~*~*~ (stealth).
  3735 | D:2      | 3735 ||| CASTING Summon Small Mammal
  3736 | D:2      | 3736 ||| CASTING Summon Small Mammal
  3737 | D:2      | 3737 ||| CASTING Summon Small Mammal
  3738 | D:2      | 3738 ||| CASTING Summon Small Mammal
  3739 | D:2      | 3739 ||| CASTING Summon Small Mammal
  3746 | D:2      | 3746 ||| CASTING Summon Small Mammal
  3757 | D:2      | 3757 ||| CASTING Summon Small Mammal
  3765 | D:2      | 3765 ||| CASTING Summon Small Mammal
  3766 | D:2      | Killed Natasha
  3767 | D:2      | Reached skill level 3 in Axes
  3767 | D:2      | Reached XP level 5. HP: 12/42 MP: 0/6
  4014 | D:2      | 4014 ||| CASTING Summon Small Mammal
  4015 | D:2      | 4015 ||| CASTING Summon Small Mammal
  4016 | D:2      | 4016 ||| CASTING Summon Small Mammal
  4017 | D:2      | 4017 ||| CASTING Summon Small Mammal
  4018 | D:2      | 4018 ||| CASTING Summon Small Mammal
  4019 | D:2      | 4019 ||| CASTING Summon Small Mammal
  4079 | D:2      | 4079 ||| Stepping ~*~*~tactically~*~*~ (hiding).
  4090 | D:2      | 4090 ||| CASTING Summon Small Mammal
  4091 | D:2      | 4091 ||| CASTING Summon Small Mammal
  4092 | D:2      | 4092 ||| CASTING Summon Small Mammal
  4093 | D:2      | 4093 ||| CASTING Summon Small Mammal
  4094 | D:2      | 4094 ||| CASTING Summon Small Mammal
  4095 | D:2      | 4095 ||| CASTING Summon Small Mammal
  4152 | D:2      | 4152 ||| CASTING Summon Small Mammal
  4153 | D:2      | 4153 ||| CASTING Summon Small Mammal
  4154 | D:2      | 4154 ||| CASTING Summon Small Mammal
  4155 | D:2      | 4155 ||| CASTING Summon Small Mammal
  4156 | D:2      | 4156 ||| CASTING Summon Small Mammal
  4157 | D:2      | 4157 ||| CASTING Summon Small Mammal
  4162 | D:2      | 4162 ||| CASTING Summon Small Mammal
  4173 | D:2      | 4173 ||| CASTING Summon Small Mammal
  4238 | D:2      | Found a faded altar of an unknown god.
  4346 | D:2      | 4346 ||| CASTING Summon Small Mammal
  4347 | D:2      | 4347 ||| CASTING Summon Small Mammal
  4348 | D:2      | 4348 ||| CASTING Summon Small Mammal
  4349 | D:2      | 4349 ||| CASTING Summon Small Mammal
  4350 | D:2      | 4350 ||| CASTING Summon Small Mammal
  4357 | D:2      | 4357 ||| Stepping ~*~*~tactically~*~*~ (outnumbered).
  4358 | D:2      | 4358 ||| CASTING Summon Small Mammal
  4359 | D:2      | 4359 ||| CASTING Summon Small Mammal
  4473 | D:2      | 4473 ||| UPGRADING to +0 scale mail.
  4483 | D:2      | 4483 ||| DROPPING +0 robe.
  4484 | D:2      | 4484 ||| UPGRADING to +0 plate armour.
  4494 | D:2      | 4494 ||| DROPPING +0 scale mail.
  4495 | D:2      | 4495 ||| READING scroll labelled LEQUGO LIAMOMU.
  4496 | D:2      | 4496 ||| DRINKING 2 sedimented clear potions.
  4514 | D:3      | 4514 ||| Stepping ~*~*~tactically~*~*~ (stealth).
  4515 | D:3      | 4515 ||| Stepping ~*~*~tactically~*~*~ (stealth).
  4565 | D:3      | 4565 ||| Stepping ~*~*~tactically~*~*~ (stealth).
  4566 | D:3      | 4566 ||| Stepping ~*~*~tactically~*~*~ (stealth).
  4575 | D:3      | Found a sacrificial altar of Ru.
  4649 | D:3      | 4649 ||| SWAPPING to +0 war axe.
  4650 | D:3      | 4650 ||| DROPPING +3 dagger.
  4775 | D:3      | Reached skill level 1 in Armour
  4923 | D:3      | Found a radiant altar of Vehumet.
  5241 | D:3      | 5241 ||| UPGRADING to +0 cloak.
  5246 | D:3      | 5246 ||| UPGRADING to +4 ring of protection.
  5247 | D:3      | 5247 ||| READING scroll labelled ZUANUSTR SIHA.
  5263 | D:4      | 5263 ||| STAIRDANCE
  5335 | D:4      | 5335 ||| STAIRDANCE
  5344 | D:3      | Reached skill level 4 in Axes
  5380 | D:3      | 5380 ||| DROPPING +0 club.
  5392 | D:4      | 5392 ||| FLEEEEING.
  5394 | D:4      | 5394 ||| STAIRDANCE
  5402 | D:3      | 5402 ||| DRINKING potion of curing.
  5402 | D:3      | 5402 ||| (to cure confusion)
  5411 | D:3      | Reached skill level 3 in Fighting
  5411 | D:3      | Reached XP level 6. HP: 46/51 MP: 7/7
  5673 | D:4      | Found a basalt altar of Yredelemnul.
  6041 | D:4      | Found a staircase to the Ecumenical Temple.
  6042 | D:4      | 6042 ||| PLANNING TEMPLE
  6042 | D:4      | 6042 ||| UPGRADING to amulet of reflection.
  6047 | D:4      | 6047 ||| READING scroll labelled IWIDU OVVURCHI.
  6048 | D:4      | 6048 ||| DRINKING 2 lumpy golden potions.
  6052 | Temple   | Entered the Ecumenical Temple
  6224 | Temple   | 6224 ||| PLANNING D:1-11
  6230 | Temple   | Became a worshipper of Warmaster Okawaru
  6279 | D:5      | Entered Level 5 of the Dungeon
  6352 | D:5      | 6352 ||| DROPPING +0 mace.
  6381 | D:5      | Reached skill level 5 in Axes
  6381 | D:5      | Reached XP level 7. HP: 31/57 MP: 8/8
  7265 | D:5      | Reached skill level 6 in Axes
  7474 | D:5      | 7474 ||| DROPPING +1 pair of gloves.
  7517 | D:6      | 7517 ||| PLANNING SEWER
  7521 | D:6      | 7521 ||| STAIRDANCE
  7554 | D:6      | Reached * piety under Okawaru
  7555 | D:6      | Reached skill level 3 in Armour
  7555 | D:6      | Reached XP level 8. HP: 67/67 MP: 9/9
  7612 | D:6      | 7612 ||| INVOKING Heroism.
  7614 | D:6      | 7614 ||| Stepping ~*~*~tactically~*~*~ (stealth).
  7625 | D:6      | Reached skill level 1 in Invocations
  7663 | D:6      | Found a glowing drain.
  7700 | D:6      | 7700 ||| INVOKING Heroism.
  7720 | D:6      | Reached skill level 3 in Invocations
  7778 | D:6      | Noticed Eustachio
  7779 | D:6      | 7779 ||| INVOKING Heroism.
  7796 | D:6      | 7796 ||| INVOKING Heroism.
  7798 | D:6      | Killed Eustachio
  7799 | D:6      | Reached skill level 7 in Axes
  7872 | D:6      | Reached ** piety under Okawaru
  7958 | Sewer    | Entered a sewer
  8009 | Sewer    | Reached skill level 1 in Throwing
  8009 | Sewer    | Reached XP level 9. HP: 57/74 MP: 11/11
  8378 | Sewer    | 8378 ||| Stepping ~*~*~tactically~*~*~ (water).
  8637 | Sewer    | Reached skill level 8 in Axes
  8807 | Sewer    | 8807 ||| READING 3 scrolls labelled HOSOXIE UDOUN.
  8808 | Sewer    | 8808 ||| READING scroll labelled NUMUCL SIREKU.
  8809 | Sewer    | 8809 ||| DROPPING 2 scrolls of fear.
  8832 | D:6      | 8832 ||| PLANNING D:1-11
  8851 | D:6      | 8851 ||| INVOKING Heroism.
  8860 | D:6      | Reached skill level 6 in Fighting
  8930 | D:6      | 8930 ||| Stepping ~*~*~tactically~*~*~ (hiding).
  8934 | D:6      | 8934 ||| INVOKING Heroism.
  9005 | D:6      | 9005 ||| READING scroll of enchant weapon.
  9005 | D:6      | 9005 ||| ENCHANTING +1 war axe.
  9017 | D:6      | 9017 ||| INVOKING Heroism.
  9085 | D:6      | 9085 ||| INVOKING Heroism.
  9092 | D:6      | 9092 ||| Stepping ~*~*~tactically~*~*~ (stealth).
  9098 | D:6      | 9098 ||| Stepping ~*~*~tactically~*~*~ (stealth).
  9104 | D:6      | 9104 ||| Stepping ~*~*~tactically~*~*~ (hiding).
  9108 | D:6      | 9108 ||| INVOKING Heroism.
  9113 | D:6      | 9113 ||| Stepping ~*~*~tactically~*~*~ (cloud).
  9540 | D:6      | 9540 ||| READING scroll labelled TYUTWO VESSOJA.
  9541 | D:6      | 9541 ||| DRINKING 2 lumpy pink potions.
  9542 | D:6      | 9542 ||| DRINKING 2 clear potions.
  9543 | D:6      | 9543 ||| DROPPING potion of berserk rage.
  9758 | D:7      | 9758 ||| Stepping ~*~*~tactically~*~*~ (hiding).
  9766 | D:7      | 9766 ||| DRINKING potion of curing.
  9766 | D:7      | 9766 ||| (to cure confusion)
  9808 | D:7      | 9808 ||| Stepping ~*~*~tactically~*~*~ (hiding).
  9811 | D:7      | 9811 ||| INVOKING Heroism.
  9879 | D:7      | 9879 ||| Stepping ~*~*~tactically~*~*~ (stealth).
  9881 | D:7      | 9881 ||| Stepping ~*~*~tactically~*~*~ (stealth).
  9887 | D:7      | 9887 ||| Stepping ~*~*~tactically~*~*~ (stealth).
  9924 | D:7      | Reached *** piety under Okawaru
  9924 | D:7      | Received a gift from Okawaru
  9984 | D:7      | Noticed a two-headed ogre
  9985 | D:7      | 9985 ||| INVOKING Heroism.
  9997 | D:7      | Killed a two-headed ogre
  9998 | D:7      | Reached skill level 9 in Axes
  9998 | D:7      | Reached XP level 10. HP: 69/83 MP: 10/12
 10062 | D:7      | 10062 ||| Stepping ~*~*~tactically~*~*~ (hiding).
 10181 | D:7      | Found an ancient bone altar of Kikubaaqudgha.
 10243 | D:7      | Found a hazy altar of Hepliaklqana.
 10393 | D:7      | Noticed Maggie
 10406 | D:7      | 10406 ||| INVOKING Heroism.
 10416 | D:7      | HP: 21/84 [Maggie/+2 broad axe of flaming (1)]
 10417 | D:7      | 10417 ||| READING 2 scrolls of teleportation.
 10418 | D:7      | 10418 ||| DRINKING potion of heal wounds.
 10616 | D:7      | 10616 ||| Stepping ~*~*~tactically~*~*~ (stealth).
 10660 | D:7      | Found Utwuiwypli's Assorted Antiques.
 10664 | D:7      | 10664 ||| BUYING fizzy grey potion (21 gold).
 10664 | D:7      | Bought a fizzy grey potion for 21 gold pieces
 10664 | D:7      | 10664 ||| BUYING glowing chain mail (180 gold).
 10664 | D:7      | Bought a glowing chain mail for 180 gold pieces
 10664 | D:7      | 10664 ||| BUYING glowing marble ring (120 gold).
 10664 | D:7      | Bought a glowing marble ring for 120 gold pieces
 10664 | D:7      | 10664 ||| BUYING potion of heal wounds (120 gold).
 10664 | D:7      | Bought a potion of heal wounds for 120 gold pieces
 10664 | D:7      | 10664 ||| SHOPLISTING potion of magic (192 gold, have 84).
 10664 | D:7      | 10664 ||| BUYING scroll of identify (48 gold).
 10664 | D:7      | Bought a scroll of identify for 48 gold pieces
 10750 | D:7      | 10750 ||| INVOKING Heroism.
 10753 | D:7      | HP: 8/84 [Maggie/bolt of fire (16)]
 10754 | D:7      | 10754 ||| READING scroll of teleportation.
 10755 | D:7      | 10755 ||| DRINKING potion of heal wounds.
 10757 | D:7      | Killed Maggie
 10757 | D:7      | Received a gift from Okawaru
 11037 | D:7      | 11037 ||| SWAPPING to +2 broad axe of flaming.
 11038 | D:7      | 11038 ||| DROPPING +0 flail.
 11039 | D:7      | 11039 ||| DROPPING +2 war axe.
 11053 | D:7      | 11053 ||| UPGRADING to ring of willpower.
 11054 | D:7      | 11054 ||| DRINKING 2 fizzy grey potions.
 11055 | D:7      | 11055 ||| DRINKING 2 white potions.
 11056 | D:7      | 11056 ||| DRINKING 2 brown potions.
 11057 | D:7      | 11057 ||| READING 6 scrolls of identify.
 11057 | D:7      | 11057 ||| IDENTIFYING sedimented black potion
 11058 | D:7      | 11058 ||| READING 5 scrolls of identify.
 11058 | D:7      | 11058 ||| IDENTIFYING green potion
 11059 | D:7      | 11059 ||| READING 4 scrolls of identify.
 11059 | D:7      | 11059 ||| IDENTIFYING ruby potion
 11060 | D:7      | 11060 ||| DROPPING potion of attraction.
 11061 | D:7      | 11061 ||| DROPPING potion of invisibility.
 11062 | D:7      | 11062 ||| DROPPING potion of lignification.
 11063 | D:7      | 11063 ||| DROPPING potion of flight.
 11222 | D:8      | Reached skill level 10 in Axes
 11240 | D:8      | 11240 ||| INVOKING Heroism.
 11261 | D:8      | 11261 ||| FLEEEEING.
 11262 | D:8      | 11262 ||| FLEEEEING.
 11321 | D:8      | 11321 ||| INVOKING Heroism.
 11468 | D:8      | 11468 ||| INVOKING Heroism.
 11549 | D:8      | 11549 ||| FLEEEEING.
 11629 | D:8      | 11629 ||| READING scroll of enchant weapon.
 11629 | D:8      | 11629 ||| ENCHANTING +2 broad axe of flaming.
 11633 | D:8      | 11633 ||| Stepping ~*~*~tactically~*~*~ (stealth).
 11635 | D:8      | 11635 ||| Stepping ~*~*~tactically~*~*~ (stealth).
 11645 | D:8      | 11645 ||| Stepping ~*~*~tactically~*~*~ (stealth).
 11647 | D:8      | 11647 ||| Stepping ~*~*~tactically~*~*~ (stealth).
 11715 | D:8      | 11715 ||| Stepping ~*~*~tactically~*~*~ (hiding).
 11861 | D:8      | 11861 ||| INVOKING Heroism.
 11886 | D:8      | Reached skill level 3 in Throwing
 11888 | D:8      | Found a staircase to the Lair.
 11889 | D:8      | 11889 ||| INVOKING Heroism.
 12112 | D:8      | Found a blossoming altar of Fedhas.
 12258 | D:8      | 12258 ||| Stepping ~*~*~tactically~*~*~ (hiding).
 12267 | D:8      | 12267 ||| INVOKING Heroism.
 12370 | D:8      | Noticed a two-headed ogre
 12370 | D:8      | Noticed a centaur warrior
 12370 | D:8      | Noticed a boulder beetle
 12371 | D:8      | 12371 ||| INVOKING Heroism.
 12371 | D:8      | Identified the +6 mace "Concordance" {freeze, rElec Int+6}
 12371 | D:8      | Noticed a cyclops
 12377 | D:8      | Killed a two-headed ogre
 12377 | D:8      | Received a gift from Okawaru
 12377 | D:8      | Reached **** piety under Okawaru
 12378 | D:8      | Reached skill level 11 in Axes
 12385 | D:8      | Killed a centaur warrior
 12386 | D:8      | Reached XP level 11. HP: 40/95 MP: 11/13
 12389 | D:8      | 12389 ||| INVOKING Heroism.
 12395 | D:8      | HP: 12/95 [boulder beetle (16)]
 12396 | D:8      | 12396 ||| READING scroll of teleportation.
 12397 | D:8      | Slain by a boulder beetle

Levels and vault maps discovered:
D:1:      wheals_arrival_shading, layout_loops_corners, minmay_fountain_box,
          minmay_misc_feat_pillars, minmay_misc_feat_alley
D:2:      layout_rooms, ebering_ecumenical_altar_petrified, uniq_natasha
D:3:      layout_loops_ring, vehumet_crystals, nicolae_ru_awakened_eye,
          nicolae_tso_swordbearing_angel, minivault_26
D:4:      layout_cave_pools, mainiacjoe_overflow_brackets, temple_hall_moat
D:5:      layout_layer_cave, st_stairs_10, kennysheep_boxes
D:6:      layout_basic, gup_sewer_entry_glass, uniq_eustachio
D:7:      layout_gridville, nzn_hepliaklqana_mist_gate, kiku_gazebo_pond_becter,
          nicolae_overflow_hidden_temple, serial_shops, shop, uniq_maggie
D:8:      minmay_the_grid_triangle_9x9_rhombus_thin
          [minmay_the_grid_triangle_9x9_limited_checkers,
          minmay_the_grid_triangle_9x9_prize_center,
          minmay_the_grid_triangle_9x9_corrupted_corridor,
          minmay_the_grid_triangle_9x9_cache], layout_basic,
          mainiacjoe_overflow_six_doors_small, erik_lair_island,
          skrybe_limestone_x, reono_crystal_passage
Temple:   minmay_temple_bridge_abc

Skill      XL: |  1  2  3  4  5  6  7  8  9 10 |
---------------+-------------------------------+-----
Axes           | 1 2 3 4 5 6 7 9 11 | 11.0
Fighting       | 1 2 3 4 5 6 8 |  8.8
Armour         | 1 2 3 4 5 |  5.0
Invocations    | 4 5 |  5.5
Throwing       | 1 3 |  3.0
Dodging        | |  1.7
Stealth        | |  2.1
Spellcasting   | |  1.7
Summonings     | |  3.6

Action                   |  1- 3 |  4- 6 |  7- 9 | 10-12 || total
-------------------------+-------+-------+-------+-------++-------
Melee: Unarmed           |     9 |       |       |       ||     9
       Dagger            |    58 |    69 |       |       ||   127
       Club              |     2 |       |       |       ||     2
       Punch             |     1 |     1 |     3 |     4 ||     9
       War axe           |       |   135 |   331 |    51 ||   517
       Broad axe         |       |       |       |   115 ||   115
Throw: Boomerang         |     2 |    62 |    55 |    12 ||   131
       Javelin           |       |       |       |     8 ||     8
 Cast: Summon Small Mamm |    77 |    45 |       |       ||   122
Invok: Heroism           |       |       |    11 |    10 ||    21
  Use: Scroll            |     3 |     3 |     4 |     7 ||    17
       Potion            |       |     3 |     3 |     5 ||    11
Armor: Robe              |    14 |    19 |       |       ||    33
       Plate armour      |       |   159 |   198 |    90 ||   447
Dodge: Dodged            |    37 |    58 |    47 |    31 ||   173
Block: Other             |       |     2 |    61 |    27 ||    90
       Reflection        |       |       |       |     1 ||     1

Table legend:
 A = Non-vault XP
 B = Vault XP
 C = Vault XP percentage of total XP
 D = Non-vault monster count
 E = Vault monster count
 F = Vault count percentage of total count
                 A         B        C        D         E       F
            +---------+---------+-------+---------+---------+-------
      Total |    5207 |    5034 |  49.2 |     165 |      48 |  22.5
            +---------+---------+-------+---------+---------+-------
        D:1 |      25 |       0 |   0.0 |      16 |       0 |   0.0
        D:2 |     128 |      35 |  21.5 |      29 |       1 |   3.3
        D:3 |     138 |       0 |   0.0 |      28 |       0 |   0.0
        D:4 |     186 |       0 |   0.0 |      16 |       0 |   0.0
        D:5 |     557 |     113 |  16.9 |      14 |       1 |   6.7
        D:6 |    1315 |     205 |  13.5 |      19 |       4 |  17.4
        D:7 |    1525 |     418 |  21.5 |      18 |       1 |   5.3
        D:8 |    1333 |    3470 |  72.2 |      25 |      13 |  34.2
      Sewer |       0 |     793 | 100.0 |       0 |      28 | 100.0
            +---------+---------+-------+---------+---------+-------
